[Event "Turkish Club Cup 2019"]
[Site "Konya"]
[Date "2019.07.18"]
[Round "4"]
[White "Sen, Nehir"]
[Black "Simsek, Meltem"]
[Result "0-1"]
[ECO "A05"]
[WhiteElo "1307"]
[BlackElo "1684"]
[Annotator "NA RC"]
[PlyCount "104"]
[EventDate "2019.07.16"]
[EventType "team-tourn"]
[EventCountry "TUR"]
[SourceTitle "playchess.com"]
[Source "ChessBase"]
[SourceQuality "1"]
[TimeControl "5400+30"]

1. Nf3 Nf6 2. e3 e6 3. b3 b6 4. Bb2 Bb7 5. Be2 Be7 6. O-O O-O 7. d4 d6 8. c4 Nbd7 9. Nc3 Ne4 10. Nxe4 Bxe4 11. Nd2 Bb7 12. Bf3 Bxf3 13. gxf3 f5 14. Kh1 Bf6 15. Rg1 c5 16. Qc2 cxd4 17. exd4 Rf7 18. Rae1 Nf8 19. Nf1 Rc8 20. Qd2 d5 21. cxd5 Qxd5 22. Rg3 Rfc7 23. Ne3 Qd7 24. f4 b5 25. Reg1 Ng6 26. Nd1 Qd5+ 27. f3 Rc2 28. Qe3 Rxb2 29. Nxb2 Bxd4 30. Qe2 Bxg1 31. Rxg1 Nxf4 32. Qe3 e5 33. Rd1 Qc5 34. Qe1 Qc3 35. Qf2 Qc2 36. Rd2 Qc5 37. Qe1 a5 38. Rd1 g6 39. Rd2 Qc6 40. Qe3 Qf6 41. Qe1 Rd8 42. Rxd8+ Qxd8 43. Qxe5 Qd2 44. Qe8+ Kg7 45. Qe7+ Kh6 46. Qh4+ Nh5 47. f4 Qc1+ 48. Kg2 Qxb2+ 49. Kf3 Qc3+ 50. Ke2 Qc2+ 51. Ke3 Qe4+ 52. Kd2 Qxf4+ 0-1

[Event "Turkish Club Cup 2019"]
[Site "Konya"]
[Date "2019.07.18"]
[Round "4"]
[White "Sahbaz, Bartu"]
[Black "Gonullu, Muhammed Sinan"]
[Result "0-1"]
[ECO "B13"]
[WhiteElo "1237"]
[BlackElo "1823"]
[Annotator "NA RC"]
[PlyCount "86"]
[EventDate "2019.07.16"]
[EventType "team-tourn"]
[EventCountry "TUR"]
[SourceTitle "playchess.com"]
[Source "ChessBase"]
[SourceQuality "1"]
[TimeControl "5400+30"]

1. d4 g6 2. Nf3 Bg7 3. Bf4 c5 4. e3 cxd4 5. exd4 Nf6 6. Nbd2 O-O 7. Bd3 d5 8. O-O Nc6 9. c3 Nh5 10. Be3 a6 11. Re1 b5 12. Nb3 b4 13. Nfd2 bxc3 14. bxc3 e5 15. Rc1 e4 16. Nxe4 dxe4 17. Bxe4 Bd7 18. Nc5 Re8 19. Qf3 Rxe4 20. Qxe4 Nf6 21. Qf3 h6 22. Rb1 Na5 23. Nb7 Nxb7 24. Qxb7 Be6 25. Qb2 Qd6 26. f3 Nd5 27. Bf2 Rc8 28. Rbc1 Nb6 29. Red1 Bd5 30. a3 Nc4 31. Qb4 Qc6 32. Qc5 Bf8 33. Qxc6 Rxc6 34. Bg3 Bxa3 35. Rb1 Bd6 36. Bf2 Na3 37. Rbc1 a5 38. Re1 Kf8 39. Re2 a4 40. Ra1 Bb3 41. Rb2 Rxc3 42. Kf1 Nc2 43. Rab1 Ba3 0-1

[Event "Turkish Club Cup 2019"]
[Site "Konya"]
[Date "2019.07.18"]
[Round "4"]
[White "Yignak, Havva Deniz"]
[Black "Gul, Zeynep"]
[Result "0-1"]
[ECO "D50"]
[WhiteElo "1219"]
[BlackElo "1359"]
[Annotator "NA RC"]
[PlyCount "128"]
[EventDate "2019.07.16"]
[EventType "team-tourn"]
[EventCountry "TUR"]
[SourceTitle "playchess.com"]
[Source "ChessBase"]
[SourceQuality "1"]
[TimeControl "5400+30"]

1. d4 d5 2. c4 dxc4 3. e4 Nf6 4. Nc3 e6 5. Bg5 h6 6. Bxf6 Qxf6 7. a3 Qd8 8. Bxc4 c5 9. d5 exd5 10. Bxd5 Bd6 11. Qb3 Qe7 12. Rd1 O-O 13. Nge2 a6 14. Na4 Nd7 15. Bxb7 Rb8 16. Qd5 Rxb7 17. Qxd6 Qxe4 18. Nxc5 Nxc5 19. Qxc5 Rxb2 20. Qe3 Qxe3 21. fxe3 Bg4 22. Rd2 Rb1+ 23. Rd1 Rxd1+ 24. Kxd1 Rb8 25. Re1 Rb1+ 26. Kd2 Rb2+ 27. Kd3 Bxe2+ 28. Rxe2 Rb3+ 29. Kc4 Rxa3 30. Kb4 Ra1 31. Kb3 Kh7 32. Kb2 Ra5 33. Rc2 Rb5+ 34. Ka3 Rd5 35. Ka4 Rd6 36. Kb4 Re6 37. Re2 Re5 38. Ka4 Kg6 39. Kb4 f6 40. Kc4 a5 41. Kd4 a4 42. Ra2 Ra5 43. e4 a3 44. h3 Kf7 45. g3 Ke6 46. g4 Ra4+ 47. Ke3 Ke5 48. Kd3 Kf4 49. Rf2+ Kg3 50. Ra2 Kxh3 51. Kc3 Rxe4 52. Ra1 Rxg4 53. Rh1+ Kg3 54. Rg1+ Kf4 55. Rf1+ Kg5 56. Rf3 a2 57. Kb2 Rg2+ 58. Ka1 h5 59. Ra3 f5 60. Ra5 Kg4 61. Ra4+ f4 62. Ra7 g5 63. Ra4 h4 64. Rc4 h3 0-1

[Event "Turkish Club Cup 2019"]
[Site "Konya"]
[Date "2019.07.18"]
[Round "4"]
[White "Cingoz, Isil"]
[Black "Kocyigit, Buse Naz"]
[Result "0-1"]
[ECO "C02"]
[WhiteElo "1123"]
[BlackElo "2045"]
[Annotator "NA"]
[PlyCount "54"]
[EventDate "2019.07.16"]
[EventType "team-tourn"]
[EventCountry "TUR"]
[SourceTitle "playchess.com"]
[Source "ChessBase"]
[SourceQuality "1"]
[TimeControl "5400+30"]

1. e4 c5 2. c3 d5 3. e5 e6 4. d4 Nc6 5. Be3 Nge7 6. f4 cxd4 7. cxd4 Nf5 8. Bf2 Qb6 9. Nc3 Nfxd4 10. Bb5 Bc5 11. Nge2 Nxb5 12. Bxc5 Qxc5 13. Rc1 Nxc3 14. Rxc3 Qb6 15. Qc2 Bd7 16. Rb3 Qa5+ 17. Kf2 Rc8 18. Rc1 Ne7 19. Qb1 b5 20. Rcc3 Rxc3 21. Nxc3 b4 22. Ne2 Qb6+ 23. Kg3 Nf5+ 24. Kh3 Qf2 25. Ng3 Qxf4 26. Nxf5 exf5 27. Qe1 Qg4# 0-1

[Event "Turkish Club Cup 2019"]
[Site "Konya"]
[Date "2019.07.18"]
[Round "4"]
[White "Zeybek, Merve"]
[Black "Yaman, Sila"]
[Result "0-1"]
[ECO "B18"]
[WhiteElo "1121"]
[BlackElo "1381"]
[Annotator "NA RC"]
[PlyCount "55"]
[EventDate "2019.07.16"]
[EventType "team-tourn"]
[EventCountry "TUR"]
[SourceTitle "playchess.com"]
[Source "ChessBase"]
[SourceQuality "1"]
[TimeControl "5400+30"]

1. e4 c6 2. Nc3 d5 3. d4 dxe4 4. Nxe4 Bf5 5. f3 Nd7 6. Be3 Ngf6 7. Bd3 Bg6 8. c4 e5 9. a3 Be7 10. Ne2 O-O 11. O-O Nxe4 12. Bxe4 f5 13. Bc2 Qc7 14. dxe5 Nxe5 15. Bf4 Qb6+ 16. Kh1 Nxc4 17. Bb3 Bf7 18. Ng3 Bf6 19. Bxc4 Bxc4 20. Re1 Rad8 21. Qc2 Bd3 22. Qa4 Rd4 23. Qd1 Qxb2 24. Nh5 Bc4 25. Qa4 Bf7 26. Nxf6+ gxf6 27. Bc1 Qxa1 28. Qd1 0-1

[Event "Turkish Club Cup 2019"]
[Site "Konya"]
[Date "2019.07.18"]
[Round "5"]
[White "Guven, Oguz Kagan"]
[Black "Guder, Eyup Sabri"]
[Result "1/2-1/2"]
[ECO "B22"]
[WhiteElo "2142"]
[BlackElo "1909"]
[Annotator "NA"]
[PlyCount "95"]
[EventDate "2019.07.16"]
[EventType "team-tourn"]
[EventCountry "TUR"]
[SourceTitle "playchess.com"]
[Source "ChessBase"]
[SourceQuality "1"]
[TimeControl "5400+30"]

1. e4 c5 2. Nf3 e6 3. c3 Nf6 4. e5 Nd5 5. d4 cxd4 6. cxd4 b6 7. Bd2 Ba6 8. Bxa6 Nxa6 9. O-O Be7 10. Nc3 Nac7 11. Ne4 O-O 12. Rc1 f5 13. exf6 Nxf6 14. Nxf6+ Bxf6 15. Bb4 Rf7 16. Bd6 Nd5 17. Qd3 a5 18. a4 Be7 19. Bg3 Bg5 20. Rc4 Bf4 21. Qc2 Nb4 22. Qe2 Rc8 23. Bxf4 Rxc4 24. Qxc4 Rxf4 25. Rc1 h6 26. Qc7 Qxc7 27. Rxc7 d6 28. Rb7 Nc2 29. Rxb6 Nxd4 30. Rxd6 Nxf3+ 31. gxf3 Rxa4 32. Rxe6 Rb4 33. Ra6 a4 34. Kg2 Kh7 35. Kg3 h5 36. f4 g6 37. Ra7+ Kh6 38. Ra6 Kh7 39. f3 Kg7 40. h3 Kf7 41. Ra8 Kf6 42. Ra5 Kg7 43. Kh4 Rxf4+ 44. Kg5 Rxf3 45. Ra7+ Rf7 46. Rxa4 Rf5+ 47. Kh4 Rb5 48. b4 1/2-1/2

[Event "Turkish Club Cup 2019"]
[Site "Konya"]
[Date "2019.07.18"]
[Round "5"]
[White "Kesgin, Halit Kaan"]
[Black "Taskiran, Recep"]
[Result "1/2-1/2"]
[ECO "B51"]
[WhiteElo "2104"]
[BlackElo "1898"]
[Annotator "NA"]
[PlyCount "77"]
[EventDate "2019.07.16"]
[EventType "team-tourn"]
[EventCountry "TUR"]
[SourceTitle "playchess.com"]
[Source "ChessBase"]
[SourceQuality "1"]
[TimeControl "5400+30"]

1. e4 c5 2. Nf3 d6 3. Bb5+ Nd7 4. O-O Ngf6 5. Re1 a6 6. Bf1 Ne5 7. Nxe5 dxe5 8. a4 Bg4 9. Be2 Bd7 10. d3 e6 11. a5 Qc7 12. Nd2 Bb5 13. b3 Rd8 14. Bb2 Be7 15. Bc3 O-O 16. Qc1 Nd7 17. Nc4 Rfe8 18. Qb2 f6 19. Bh5 g6 20. Bg4 Kf7 21. Rf1 h5 22. Be2 Rh8 23. h4 Rdg8 24. Bd2 f5 25. Bc3 Bxc4 26. bxc4 Bxh4 27. Rab1 Rb8 28. exf5 gxf5 29. f4 Bg3 30. fxe5 Qd8 31. Bf3 Qh4 32. Rfd1 Qh2+ 33. Kf1 Nxe5 34. Bxe5 Bxe5 35. c3 Rhg8 36. d4 Bf4 37. Qf2 Bg3 38. Qe3 Bf4 39. Qf2 1/2-1/2

[Event "Turkish Club Cup 2019"]
[Site "Konya"]
[Date "2019.07.18"]
[Round "5"]
[White "Gulsoy, Mustafa Alpago"]
[Black "Iyiol, Mehmet"]
[Result "0-1"]
[ECO "C02"]
[WhiteElo "2069"]
[BlackElo "1857"]
[Annotator "NA"]
[PlyCount "58"]
[EventDate "2019.07.16"]
[EventType "team-tourn"]
[EventCountry "TUR"]
[SourceTitle "playchess.com"]
[Source "ChessBase"]
[SourceQuality "1"]
[TimeControl "5400+30"]

1. e4 e6 2. d4 d5 3. e5 c5 4. c3 Nc6 5. Nf3 Qb6 6. Na3 cxd4 7. cxd4 Bb4+ 8. Bd2 Bd7 9. Bxb4 Qxb4+ 10. Qd2 Qxd2+ 11. Kxd2 a6 12. Nc2 Nge7 13. Bd3 O-O 14. Nh4 f6 15. f4 fxe5 16. fxe5 g5 17. Nf3 h6 18. Rhf1 Kg7 19. Ke2 Be8 20. b4 Bg6 21. Nd2 Nf5 22. Nb3 b6 23. a4 a5 24. bxa5 Nxa5 25. Nxa5 bxa5 26. Rab1 Rab8 27. Rb5 Ng3+ 28. hxg3 Bxd3+ 29. Kxd3 Rxb5 0-1

[Event "Turkish Club Cup 2019"]
[Site "Konya"]
[Date "2019.07.18"]
[Round "5"]
[White "Mecit, Emre"]
[Black "Ererdem, Gani Eren"]
[Result "1/2-1/2"]
[ECO "D94"]
[WhiteElo "2065"]
[BlackElo "2140"]
[Annotator "NA"]
[PlyCount "85"]
[EventDate "2019.07.16"]
[EventType "team-tourn"]
[EventCountry "TUR"]
[SourceTitle "playchess.com"]
[Source "ChessBase"]
[SourceQuality "1"]
[TimeControl "5400+30"]

1. e4 g6 2. d4 Bg7 3. Nf3 c6 4. c4 d5 5. exd5 cxd5 6. Nc3 Nf6 7. Be2 O-O 8. O-O b6 9. Ne5 Bb7 10. Bf3 e6 11. Bg5 h6 12. cxd5 exd5 13. Bh4 g5 14. Bg3 Ne4 15. Bxe4 dxe4 16. Qb3 Nd7 17. Rfe1 Nf6 18. Rad1 Bd5 19. Nxd5 Qxd5 20. Ng4 Rad8 21. Nxf6+ Bxf6 22. Qxd5 Rxd5 23. Rxe4 Rc8 24. Be5 Bxe5 25. Rxe5 Rxd4 26. Ree1 Rxd1 27. Rxd1 Rc2 28. Rb1 b5 29. a3 h5 30. g3 f6 31. b3 Ra2 32. a4 bxa4 33. bxa4 Rxa4 34. Rb7 a5 35. Ra7 g4 36. Kg2 Ra2 37. Kg1 a4 38. Ra5 a3 39. Kg2 Kf7 40. h4 gxh3+ 41. Kxh3 Ra1 42. Kg2 a2 43. Kf3 1/2-1/2

[Event "Turkish Club Cup 2019"]
[Site "Konya"]
[Date "2019.07.18"]
[Round "5"]
[White "Kocyigit, Buse Naz"]
[Black "Yalcin, Nehir"]
[Result "1/2-1/2"]
[ECO "A45"]
[WhiteElo "2045"]
[BlackElo "1392"]
[Annotator "NA"]
[PlyCount "85"]
[EventDate "2019.07.16"]
[EventType "team-tourn"]
[EventCountry "TUR"]
[SourceTitle "playchess.com"]
[Source "ChessBase"]
[SourceQuality "1"]
[TimeControl "5400+30"]

1. d4 Nf6 2. Bg5 g6 3. Bxf6 exf6 4. e3 Bg7 5. g3 d6 6. Bg2 Nc6 7. c4 Bd7 8. Nc3 O-O 9. Nge2 a5 10. O-O Re8 11. b3 Qc8 12. Nf4 Ne7 13. a3 Nc6 14. Nfd5 Nd8 15. Rc1 Ne6 16. b4 axb4 17. axb4 Qd8 18. c5 dxc5 19. bxc5 Bc6 20. Qc2 Qd7 21. Ra1 f5 22. Rxa8 Rxa8 23. Nb4 Bxg2 24. Kxg2 f4 25. Qe4 fxe3 26. fxe3 Nxc5 27. dxc5 Qd2+ 28. Rf2 Qxc3 29. Qxb7 Re8 30. Qxc7 Qb3 31. Qd7 Qxe3 32. Qxf7+ Kh8 33. Nc2 Qe4+ 34. Qf3 Qxf3+ 35. Rxf3 Rc8 36. Rd3 Bf8 37. Rc3 Rxc5 38. Rxc5 Bxc5 39. Kf3 Kg7 40. Ne1 Kf6 41. Nd3 Bd4 42. Nf4 Be5 43. Nd3 1/2-1/2

[Event "Turkish Club Cup 2019"]
[Site "Konya"]
[Date "2019.07.18"]
[Round "5"]
[White "Daghan, Devran"]
[Black "Sayin, Atakan"]
[Result "1/2-1/2"]
[ECO "C09"]
[WhiteElo "2023"]
[BlackElo "1925"]
[Annotator "NA"]
[PlyCount "83"]
[EventDate "2019.07.16"]
[EventType "team-tourn"]
[EventCountry "TUR"]
[SourceTitle "playchess.com"]
[Source "ChessBase"]
[SourceQuality "1"]
[TimeControl "5400+30"]

1. e4 e6 2. d4 d5 3. Nd2 c5 4. Ngf3 Nc6 5. exd5 exd5 6. dxc5 Bxc5 7. Be2 Nge7 8. O-O O-O 9. a3 Ng6 10. Nb3 Bb6 11. Bg5 f6 12. Bh4 Nf4 13. Bg3 Nxe2+ 14. Qxe2 Re8 15. Qd2 Bg4 16. Nfd4 Qd7 17. h3 Bh5 18. Rfe1 a6 19. Nxc6 Qxc6 20. Nd4 Bxd4 21. Qxd4 Rxe1+ 22. Rxe1 Re8 23. Rxe8+ Bxe8 24. c3 Bg6 25. h4 h5 26. f3 Qb5 27. b4 Qd3 28. Qxd3 Bxd3 29. Kf2 Kf7 30. Bd6 Ke6 31. Bf8 g5 32. Ke3 Bc4 33. hxg5 fxg5 34. f4 gxf4+ 35. Kxf4 Bf1 36. g3 Bc4 37. Bg7 Bb3 38. Ke3 Bc4 39. Kd4 Kd6 40. Be5+ Kc6 41. a4 Bb3 42. a5 1/2-1/2

[Event "Turkish Club Cup 2019"]
[Site "Konya"]
[Date "2019.07.18"]
[Round "5"]
[White "Taskaya, Muhammed"]
[Black "Atas, Yunus"]
[Result "1-0"]
[ECO "B21"]
[WhiteElo "2011"]
[BlackElo "1876"]
[Annotator "NA RC"]
[PlyCount "99"]
[EventDate "2019.07.16"]
[EventType "team-tourn"]
[EventCountry "TUR"]
[SourceTitle "playchess.com"]
[Source "ChessBase"]
[SourceQuality "1"]
[TimeControl "5400+30"]

1. e4 c5 2. d4 cxd4 3. c3 dxc3 4. Nxc3 e6 5. Nf3 a6 6. Bc4 Nc6 7. O-O b5 8. Bb3 Bb7 9. Qe2 Na5 10. Bc2 Ne7 11. Rd1 Ng6 12. Bg5 Be7 13. Bxe7 Qxe7 14. e5 O-O 15. Ne4 Nc4 16. b3 Nf4 17. Qf1 Na3 18. Bd3 Rac8 19. Rac1 Rxc1 20. Rxc1 h6 21. g3 Nxd3 22. Qxd3 Bxe4 23. Qxe4 d5 24. exd6 Qxd6 25. Rc6 Qd1+ 26. Kg2 a5 27. Ra6 Qd8 28. Qc6 b4 29. Qc5 Qd3 30. Qxa5 Nc2 31. Ra8 Qe4 32. Rxf8+ Kh7 33. Qe5 Ne1+ 34. Kf1 Qxf3 35. Kxe1 f6 36. Qe3 Qd5 37. Rc8 Qh1+ 38. Ke2 Qb7 39. Rc4 Qa6 40. Qd3+ f5 41. g4 Qxa2+ 42. Rc2 Qa5 43. gxf5 exf5 44. Qd4 Qb5+ 45. Kd2 Qb8 46. Rc5 Qxh2 47. Rxf5 Qc7 48. Rd5 Qe7 49. Qd3+ Kg8 50. Rd8+ 1-0

[Event "Turkish Club Cup 2019"]
[Site "Konya"]
[Date "2019.07.18"]
[Round "5"]
[White "Anil, Ali Fazil"]
[Black "Unlu, Ahmet Berkin"]
[Result "0-1"]
[ECO "C99"]
[WhiteElo "1999"]
[BlackElo "1806"]
[Annotator "NA RC"]
[PlyCount "116"]
[EventDate "2019.07.16"]
[EventType "team-tourn"]
[EventCountry "TUR"]
[SourceTitle "playchess.com"]
[Source "ChessBase"]
[SourceQuality "1"]
[TimeControl "5400+30"]

1. e4 e5 2. Nf3 Nc6 3. Bb5 a6 4. Ba4 Nf6 5. O-O d6 6. c3 Be7 7. Re1 O-O 8. h3 b5 9. Bb3 Na5 10. Bc2 c5 11. d4 cxd4 12. cxd4 Qc7 13. Nbd2 Be6 14. d5 Bd7 15. Nf1 Rfc8 16. Bd3 Nc4 17. b3 Nb6 18. Qe2 Qb7 19. Bd2 Bd8 20. Ng3 Rcb8 21. Nh4 Nc8 22. Nhf5 g6 23. Nh6+ Kg7 24. f4 Bb6+ 25. Kh2 Bd4 26. f5 Ne7 27. Bg5 Neg8 28. Nxg8 Nxg8 29. Rad1 f6 30. Bd2 g5 31. h4 h6 32. Qg4 Be8 33. Rf1 Kf8 34. Be2 Rc8 35. Bd3 Rc7 36. Rh1 h5 37. Qf3 g4 38. Qe2 Kg7 39. Rhf1 Kh7 40. Be3 Bxe3 41. Qxe3 Qa7 42. Qxa7 Raxa7 43. Rc1 Kg7 44. Kg1 Kf8 45. Kf2 Ke7 46. Ke2 Kd8 47. Kd2 Rxc1 48. Kxc1 Kc7 49. Kb2 Kb6 50. Ra1 Ne7 51. a4 bxa4 52. bxa4 Rc7 53. Rc1 Rxc1 54. Kxc1 Nc8 55. Kb2 Ka5 56. Ka3 Nb6 57. Bc2 Nc4+ 58. Kb3 Ne3 0-1

[Event "Turkish Club Cup 2019"]
[Site "Konya"]
[Date "2019.07.18"]
[Round "5"]
[White "Guner, Bulent"]
[Black "Sahinoglu, Hakan"]
[Result "1/2-1/2"]
[ECO "D66"]
[WhiteElo "1979"]
[BlackElo "1844"]
[Annotator "NA"]
[PlyCount "81"]
[EventDate "2019.07.16"]
[EventType "team-tourn"]
[EventCountry "TUR"]
[SourceTitle "playchess.com"]
[Source "ChessBase"]
[SourceQuality "1"]
[TimeControl "5400+30"]

1. d4 Nf6 2. Nf3 e6 3. c4 d5 4. Nc3 Nbd7 5. Bg5 Be7 6. e3 O-O 7. Rc1 c6 8. Bd3 h6 9. Bh4 dxc4 10. Bxc4 b5 11. Bd3 Bb7 12. O-O a6 13. Bxf6 Nxf6 14. Ne4 Rc8 15. Qe2 Qb6 16. Nc5 Bxc5 17. dxc5 Qc7 18. Rfd1 e5 19. Qc2 Rfe8 20. Be4 Rcd8 21. h3 Bc8 22. Rd6 Nxe4 23. Qxe4 Rxd6 24. cxd6 Qxd6 25. Qxc6 Qxc6 26. Rxc6 Bb7 27. Rb6 Bxf3 28. gxf3 Re6 29. Rb8+ Kh7 30. Ra8 Kg6 31. b4 f5 32. a3 Kg5 33. Ra7 g6 34. Kg2 Rc6 35. Ra8 f4 36. e4 Kf6 37. Ra7 Ke6 38. Rg7 Kf6 39. Ra7 Rd6 40. Kf1 h5 41. Kg2 1/2-1/2

[Event "Turkish Club Cup 2019"]
[Site "Konya"]
[Date "2019.07.18"]
[Round "5"]
[White "Aydin, Gulenay"]
[Black "Ozates, Mert"]
[Result "1/2-1/2"]
[ECO "C10"]
[WhiteElo "1934"]
[BlackElo "1758"]
[Annotator "NA RC"]
[PlyCount "160"]
[EventDate "2019.07.16"]
[EventType "team-tourn"]
[EventCountry "TUR"]
[SourceTitle "playchess.com"]
[Source "ChessBase"]
[SourceQuality "1"]
[TimeControl "5400+30"]

1. e4 e6 2. d4 d5 3. Nd2 dxe4 4. Nxe4 Nd7 5. Nf3 Ngf6 6. Nxf6+ Nxf6 7. Bd3 Be7 8. O-O O-O 9. c3 b6 10. Qe2 Bb7 11. Bf4 Bd6 12. Bg5 h6 13. Bh4 Be7 14. Rad1 Nh5 15. Bg3 Nxg3 16. hxg3 Bf6 17. Rfe1 Qd5 18. Bb1 Rad8 19. Qd3 g6 20. Qe3 Bg7 21. Qf4 Qd6 22. Qc1 c5 23. Be4 Bxe4 24. Rxe4 cxd4 25. cxd4 Qd5 26. Qb1 Rd6 27. Re2 Rfd8 28. Red2 Qb7 29. Qc2 Rd5 30. Qc3 R8d6 31. Qe3 Qd7 32. Kf1 Qa4 33. b3 Qb5+ 34. Qe2 Qb4 35. Qc4 Qb5 36. Qxb5 Rxb5 37. Rc1 Rbd5 38. Rc7 Rd7 39. Rxd7 Rxd7 40. Ke2 Kf8 41. Ne5 Rd5 42. f4 Ke7 43. Ke3 g5 44. Rc2 Bxe5 45. fxe5 h5 46. Rc1 Kd7 47. Rf1 Ke7 48. Kd3 Ra5 49. a4 b5 50. axb5 Rxb5 51. Kc4 Ra5 52. Rh1 Ra2 53. Rxh5 Rxg2 54. Rxg5 Rc2+ 55. Kb5 Rc3 56. Kb4 Rd3 57. Rg4 Rd1 58. Rf4 Rd3 59. g4 Rg3 60. Kc4 Rg1 61. b4 Rb1 62. Rf3 Ra1 63. Rc3 Kf8 64. Kb5 Rd1 65. Kc5 Ra1 66. Kc6 Rd1 67. Rc4 Kg7 68. Kd7 Kg6 69. Ke8 Rg1 70. Rc7 Rxg4 71. Rxa7 Rxd4 72. Rxf7 Rxb4 73. Rf6+ Kg5 74. Kf7 Rb5 75. Kxe6 Rb6+ 76. Kf7 Rb7+ 77. Kf8 Rb5 78. Kf7 Rxe5 79. Rf1 Rf5+ 80. Rxf5+ Kxf5 1/2-1/2

[Event "Turkish Club Cup 2019"]
[Site "Konya"]
[Date "2019.07.18"]
[Round "5"]
[White "Demirbas, Emre"]
[Black "Orbay, Mert"]
[Result "1-0"]
[ECO "A30"]
[WhiteElo "1913"]
[BlackElo "1556"]
[Annotator "NA"]
[PlyCount "57"]
[EventDate "2019.07.16"]
[EventType "team-tourn"]
[EventCountry "TUR"]
[SourceTitle "playchess.com"]
[Source "ChessBase"]
[SourceQuality "1"]
[TimeControl "5400+30"]

1. Nf3 Nf6 2. c4 c5 3. g3 b6 4. Bg2 Bb7 5. b3 d6 6. Bb2 e5 7. O-O g6 8. e3 Bg7 9. d4 exd4 10. exd4 O-O 11. Nc3 Ne4 12. Qd3 Nxc3 13. Bxc3 Na6 14. Rad1 Rb8 15. dxc5 dxc5 16. Qc2 Qc7 17. Bxg7 Kxg7 18. Qc3+ Kg8 19. Ne5 Rbd8 20. Ng4 Rd4 21. Rxd4 cxd4 22. Qxd4 Rd8 23. Nh6+ Kf8 24. Qh8+ Ke7 25. Re1+ Kd7 26. Rd1+ Ke7 27. Rxd8 Bxg2 28. Qe8+ Kf6 29. Kxg2 1-0

[Event "Turkish Club Cup 2019"]
[Site "Konya"]
[Date "2019.07.18"]
[Round "5"]
[White "Akbas, Umut Ata"]
[Black "Erdogan, Tekin Alp"]
[Result "1/2-1/2"]
[ECO "C29"]
[WhiteElo "1912"]
[BlackElo "1777"]
[Annotator "NA RC"]
[PlyCount "95"]
[EventDate "2019.07.16"]
[EventType "team-tourn"]
[EventCountry "TUR"]
[SourceTitle "playchess.com"]
[Source "ChessBase"]
[SourceQuality "1"]
[TimeControl "5400+30"]

1. e4 e5 2. Nc3 Nf6 3. f4 d5 4. fxe5 Nxe4 5. Nf3 Be7 6. Be2 O-O 7. O-O f6 8. d4 Be6 9. Be3 Nxc3 10. bxc3 Nc6 11. exf6 Bxf6 12. Bd3 Qe7 13. Qd2 Na5 14. Rae1 Nc4 15. Bxc4 dxc4 16. Bg5 Bxg5 17. Nxg5 Rxf1+ 18. Rxf1 Bd5 19. Re1 Qf6 20. Re5 Rf8 21. Qe2 c6 22. Nh3 Qh6 23. Ng5 Qf6 24. Ne4 Qh6 25. Nd2 b5 26. Nf1 Qc1 27. Re8 Qf4 28. Re7 Rf7 29. Re5 Rf8 30. Ne3 Be4 31. Qe1 Bg6 32. h4 h6 33. h5 Bh7 34. Qe2 Qg3 35. Re7 a6 36. Re5 Qf4 37. Re6 Qg3 38. a4 bxa4 39. Rxc6 Kh8 40. Rxc4 a3 41. Ra4 Re8 42. Nf1 Rxe2 43. Nxg3 Re3 44. Kf2 Rxc3 45. Ne2 Bxc2 46. Rxa6 Rd3 47. Nf4 Rxd4 48. Ng6+ 1/2-1/2

[Event "Turkish Club Cup 2019"]
[Site "Konya"]
[Date "2019.07.18"]
[Round "5"]
[White "Guner, Sati Emre"]
[Black "Eren, Yusuf Kemal"]
[Result "1/2-1/2"]
[ECO "B51"]
[WhiteElo "1912"]
[BlackElo "1858"]
[Annotator "NA"]
[PlyCount "71"]
[EventDate "2019.07.16"]
[EventType "team-tourn"]
[EventCountry "TUR"]
[SourceTitle "playchess.com"]
[Source "ChessBase"]
[SourceQuality "1"]
[TimeControl "5400+30"]

1. e4 c5 2. Nf3 d6 3. Bb5+ Nd7 4. d4 cxd4 5. Qxd4 Ngf6 6. Nc3 e5 7. Qd3 h6 8. O-O Be7 9. Be3 O-O 10. Rad1 a6 11. Ba4 Qc7 12. Bb3 b5 13. Nh4 Nc5 14. Bxc5 dxc5 15. Bd5 Ra7 16. Ng6 Re8 17. Nxe7+ Rxe7 18. Qe3 Be6 19. Rd2 b4 20. Na4 c4 21. Rfd1 Bd7 22. b3 c3 23. Re2 Bxa4 24. bxa4 Qa5 25. Bb3 Rad7 26. Ree1 Qd8 27. Rxd7 Rxd7 28. h3 Rd4 29. f3 Nh5 30. Re2 Rd1+ 31. Re1 Rd2 32. Re2 Nf4 33. Rf2 Qg5 34. Kh2 Nxh3 35. Qa7 Rxf2 36. Qxf7+ 1/2-1/2

[Event "Turkish Club Cup 2019"]
[Site "Konya"]
[Date "2019.07.18"]
[Round "5"]
[White "Emir, Emirhan"]
[Black "Toren, Kadir"]
[Result "1-0"]
[ECO "A36"]
[WhiteElo "1904"]
[BlackElo "1736"]
[Annotator "NA"]
[PlyCount "105"]
[EventDate "2019.07.16"]
[EventType "team-tourn"]
[EventCountry "TUR"]
[SourceTitle "playchess.com"]
[Source "ChessBase"]
[SourceQuality "1"]
[TimeControl "5400+30"]

1. c4 c5 2. Nc3 Nc6 3. g3 g6 4. Bg2 Bg7 5. d3 d6 6. e3 e6 7. Nge2 Nge7 8. O-O O-O 9. a3 a6 10. Rb1 Rb8 11. b4 b6 12. d4 cxb4 13. axb4 d5 14. cxd5 exd5 15. Qb3 Bf5 16. Ra1 Bd3 17. Ba3 Bc4 18. Qc2 b5 19. Qd2 a5 20. Rfb1 Qd6 21. Na2 Ra8 22. bxa5 Qc7 23. Bxe7 Qxe7 24. Nac1 Ra7 25. Nc3 Qg5 26. Nxb5 Re7 27. h4 Qh6 28. Ra4 Re6 29. Rxc4 dxc4 30. d5 c3 31. Qc2 Rxe3 32. fxe3 Qxe3+ 33. Qf2 c2 34. Ra1 Qxf2+ 35. Kxf2 Bxa1 36. dxc6 Bb2 37. Nb3 c1=Q 38. Nxc1 Bxc1 39. a6 f5 40. c7 f4 41. g4 Be3+ 42. Ke2 f3+ 43. Bxf3 Bf4 44. a7 Re8+ 45. Kf1 Kf7 46. a8=Q Rxa8 47. Bxa8 Bxc7 48. Nxc7 Kf6 49. Kg2 Ke5 50. Kf3 Kd6 51. Kf4 h6 52. Nb5+ Ke6 53. Be4 1-0

[Event "Turkish Club Cup 2019"]
[Site "Konya"]
[Date "2019.07.18"]
[Round "5"]
[White "Inan, Canberk"]
[Black "Akcan, Umit"]
[Result "1/2-1/2"]
[ECO "B36"]
[WhiteElo "1895"]
[BlackElo "1960"]
[Annotator "NA"]
[PlyCount "66"]
[EventDate "2019.07.16"]
[EventType "team-tourn"]
[EventCountry "TUR"]
[SourceTitle "playchess.com"]
[Source "ChessBase"]
[SourceQuality "1"]
[TimeControl "5400+30"]

1. e4 c5 2. Nf3 Nc6 3. d4 cxd4 4. Nxd4 g6 5. c4 Nf6 6. Nc3 d6 7. Be2 Nxd4 8. Qxd4 Bg7 9. Be3 O-O 10. Qd2 a5 11. O-O a4 12. Rac1 Qa5 13. f3 Be6 14. Nd5 Qxd2 15. Nxe7+ Kh8 16. Bxd2 Rfe8 17. Nd5 Nxd5 18. cxd5 Bxd5 19. Bb5 Re5 20. Bxa4 Bxa2 21. b3 Rc5 22. Rxc5 Bd4+ 23. Kh1 dxc5 24. Rc1 b5 25. Bxb5 Bxb3 26. h3 Kg7 27. Kh2 Ra2 28. Bf4 Kf6 29. Bd6 Bc2 30. Bc4 Rb2 31. Kg3 h5 32. h4 Ba4 33. f4 Bc6 1/2-1/2

[Event "Turkish Club Cup 2019"]
[Site "Konya"]
[Date "2019.07.18"]
[Round "5"]
[White "Karahan, Anil"]
[Black "Senturk, Necaattin"]
[Result "1/2-1/2"]
[ECO "A14"]
[WhiteElo "1889"]
[BlackElo "1704"]
[Annotator "NA"]
[PlyCount "52"]
[EventDate "2019.07.16"]
[EventType "team-tourn"]
[EventCountry "TUR"]
[SourceTitle "playchess.com"]
[Source "ChessBase"]
[SourceQuality "1"]
[TimeControl "5400+30"]

1. Nf3 d5 2. c4 e6 3. g3 Nf6 4. Bg2 Be7 5. O-O O-O 6. b3 Nbd7 7. Bb2 c6 8. d3 Qb6 9. Nbd2 a5 10. a3 h6 11. e4 dxe4 12. dxe4 Nc5 13. Qc2 Rd8 14. e5 Nh7 15. Bc3 Ng5 16. h4 Nxf3+ 17. Bxf3 Qc7 18. Rfe1 b6 19. Nf1 Bb7 20. Rad1 Rxd1 21. Rxd1 Rd8 22. Ne3 Qc8 23. Kh2 Qc7 24. Kg1 Qc8 25. Kh2 Qc7 26. Kg1 Qc8 1/2-1/2